 Dungeon Crawl Stone Soup version 0.30-b1-2-g02819fbbbe (webtiles) character file.

Game seed: 5596685178513174725

4057 LLlMATKO the Fighter (level 10, -2/91 HPs)
             Began as a Minotaur Berserker on May 25, 2023.
             Was an Elder of Trog.
             Slain by a troll (8 damage)
             ... on level 8 of the Dungeon.
             The game lasted 00:06:11 (8825 turns).

LLlMATKO the Fighter (Minotaur Berserker)           Turns: 8825, Time: 00:06:11

Health: -2/91      AC: 15    Str: 24    XL:     10   Next: 4%
Magic:  9/9        EV: 10    Int:  4    God:    Trog [****..]
Gold:   476        SH:  0    Dex: 12    Spells: 9/9 levels left

rFire   + . .        a - +0 hand axe
rCold   + . .        (no shield)
rNeg    . . .        K - +0 plate armour
rPois   .            (helmet restricted)
rElec   .            L - scarf {rC+ rF+}
rCorr   .            E - +0 pair of gloves
SInv    .            (no boots)
Will    .....        (no amulet) Stlth
                     p - ring of flight
HPRegen 0.35/turn    (no ring)
MPRegen 0.11/turn

%: no passive effects
@: on berserk cooldown, flying, slowed, very slow
A: horns 2, retaliatory headbutt
a: Renounce Religion, Berserk, Trog's Hand, Brothers in Arms


You were on level 8 of the Dungeon.
You worshipped Trog.
Trog was greatly pleased with you.
You visited 1 branch of the dungeon, and saw 9 of its levels.

You collected 476 gold pieces.

Inventory:

Hand Weapons
 a - a +0 hand axe (weapon)
Missiles
 q - 5 throwing nets (quivered)
 A - 6 datura-tipped darts
 B - 9 poisoned darts
 D - 7 atropa-tipped darts
 J - 3 boomerangs of dispersal
Armour
 E - a +0 pair of gloves (worn)
 K - a +0 plate armour (worn)
 L - a scarf of resistance (worn)
Jewellery
 p - a ring of flight (left hand)
 N - a ring of resist corrosion
Wands
 b - a wand of charming (7)
 C - a wand of light (11)
 F - a wand of polymorph (2)
Scrolls
 d - 2 scrolls of teleportation {unknown}
 e - 4 scrolls of identify {unknown}
 f - 3 scrolls of noise {unknown}
 h - 2 scrolls of magic mapping {unknown}
 i - a scroll of acquirement {unknown}
 n - a scroll of fear {unknown}
 s - a scroll of silence {unknown}
 t - 4 scrolls of poison {unknown}
 u - a scroll of enchant armour {unknown}
 y - 3 scrolls of butterflies {unknown}
 z - a scroll of immolation {unknown}
 G - 2 scrolls of fog {unknown}
 H - 3 scrolls of amnesia {unknown}
 I - a scroll of blinking {unknown}
Potions
 c - a potion of invisibility {unknown}
 g - 2 potions of mutation {unknown}
 j - a potion of haste {unknown}
 k - 4 potions of curing
 l - a potion of cancellation {unknown}
 m - a potion of brilliance {unknown}
 o - 3 potions of berserk rage {unknown}
 r - 2 potions of attraction {unknown}
 v - a potion of flight {unknown}
 w - 2 potions of heal wounds {unknown}
 x - a potion of resistance {unknown}
 M - a potion of magic {unknown}


   Skills:
 + Level 9.5 Fighting
 + Level 9.5 Axes
 + Level 9.0 Armour
 + Level 8.2 Dodging


You had 9 spell levels left.
You didn't know any spells.
Your spell library was empty.

Dungeon Overview and Level Annotations

Branches:
Dungeon (9/15)             Temple (0/1) D:4
   Lair: D:8-11         Orc: D:9-12

Altars:
Ashenzari
Hepliaklqana
Sif Muna
Wu Jian
Yredelemnul

Shops:
D:4 [


Innate Abilities, Weirdness & Mutations

You have a pair of horns on your head.
You reflexively headbutt those who attack you in melee.


Message History

You swing at nothing.
The bullfrog closely misses you.
You hit the bullfrog. You headbutt the bullfrog!
The bullfrog is severely wounded.
The bullfrog hits you but does no damage. x2
You hit the bullfrog but do no damage. Your headbutt misses the bullfrog.
The bullfrog is severely wounded.
The bullfrog hits you. The bullfrog closely misses you.
You furiously retaliate!
You headbutt the bullfrog!
You kill the bullfrog!
Trog accepts your kill.
You swing at nothing.
You start resting.
A troll comes into view.
A troll is nearby!
You swing at nothing.
The troll shouts!
You swing at nothing.
You hit the troll. You punch the troll, but do no damage.
The troll is lightly wounded.
The troll bites you but does no damage.
The troll claws you but does no damage. x2
The troll bites you. The troll claws you! The troll barely misses you.
You barely miss the troll.
The troll is lightly wounded.
The troll barely misses you. x3
You hit the troll but do no damage. Your headbutt misses the troll.
The troll bites you but does no damage. The troll claws you but does no damage.
The troll claws you!
* * * LOW HITPOINT WARNING * * *
You barely miss the troll. The troll bites you but does no damage.
The troll claws you!
* * * LOW HITPOINT WARNING * * *
The troll misses you.
You hit the troll but do no damage. The troll barely misses you.
The troll closely misses you. The troll barely misses you.
You closely miss the troll. The troll bites you!
* * * LOW HITPOINT WARNING * * *
The troll claws you.
* * * LOW HITPOINT WARNING * * *
The troll claws you!
You die...

#....≈≈~..~.h.
...~..~≈~~.~S
#....~~S≈h~≈
#....~.F~≈≈
#..(~...S. #....
........ #...#
#..~#####.#### #...#
#....T@....... #...#
#..#####...### ##...#
#....# (.# .....#
###.#.# ...
.....#####.....###.#
#.#
.....................
.
....######.#.#.###.#.
....# #.#.#.# #.<####
#[#.#.#


You could see a troll.

Vanquished Creatures
  A hornet (D:7)
  Eustachio (D:4)
  A steam dragon (D:6)
  Menkaure (D:4)
  Edmund (D:6)
  2 water moccasins
  An orc warrior (D:6)
  An ice beast (D:7)
  2 black bears
  An ogre (D:6)
  A sky beast (D:8)
  4 wolves (D:8)
  2 phantoms
  A kobold brigand (D:8)
  6 bullfrogs
  3 scorpions
  A wight (D:6)
  5 killer bees (D:7)
  7 crimson imps (D:7)
  7 hounds
  3 orc priests
  2 jellies
  2 sleepcaps (D:6)
  3 orc wizards
  Natasha (thrice) (D:4)
  6 iguanas
  7 gnolls
  7 adders
  A shadow imp (D:7)
  2 white imps
  An ufetubus (D:5)
  2 worms
  2 dart slugs
  22 orcs
  9 ball pythons
  9 bats
  6 endoplasms
  3 giant cockroaches
  13 goblins
  4 hobgoblins
  4 jackals
  6 quokkas
  5 frilled lizards
  8 kobolds
  10 rats
189 creatures vanquished.

Notes
Turn   | Place    | Note
-------+----------+-------------------------------------------
     0 | D:1      | LLlMATKO the Minotaur Berserker began the quest for the
                  | Orb.
     0 | D:1      | Reached XP level 1. HP: 19/19 MP: 0/0
    84 | D:1      | Reached XP level 2. HP: 19/27 MP: 1/1
   815 | D:2      | Reached XP level 3. HP: 33/33 MP: 2/2
  1105 | D:2      | Reached XP level 4. HP: 25/41 MP: 3/3
  1233 | D:2      | Reached ** piety under Trog
  1852 | D:3      | Found a faded altar of an unknown god.
  2248 | D:3      | Found a basalt altar of Yredelemnul.
  2291 | D:3      | Reached XP level 5. HP: 43/47 MP: 4/4
  2340 | D:3      | Found a broken altar of Ashenzari.
  2554 | D:3      | Found a faded altar of an unknown god.
  2675 | D:3      | Found a basalt altar of Yredelemnul.
  2750 | D:3      | Found a broken altar of Ashenzari.
  3124 | D:4      | Noticed Menkaure
  3129 | D:4      | Killed Menkaure
  3130 | D:4      | Reached skill level 5 in Fighting
  3130 | D:4      | Reached skill level 5 in Axes
  3130 | D:4      | Reached XP level 6. HP: 35/56 MP: 5/5
  3274 | D:4      | Noticed Eustachio
  3287 | D:4      | Killed Eustachio
  3815 | D:4      | Found Kimulepe's Antique Armour Shop.
  3851 | D:4      | Noticed Natasha
  3857 | D:4      | Killed Natasha
  4009 | D:4      | Found a staircase to the Ecumenical Temple.
  4175 | D:4      | Noticed Natasha
  4184 | D:4      | Killed Natasha
  4185 | D:4      | Reached skill level 5 in Armour
  4185 | D:4      | Reached XP level 7. HP: 47/62 MP: 6/6
  4490 | D:4      | Found Kimulepe's Antique Armour Shop.
  4556 | D:4      | Noticed Natasha
  4565 | D:4      | Killed Natasha
  4968 | D:4      | Found a staircase to the Ecumenical Temple.
  4994 | D:5      | Entered Level 5 of the Dungeon
  5010 | D:5      | Reached skill level 5 in Dodging
  5747 | D:5      | Reached XP level 8. HP: 63/71 MP: 7/7
  5829 | D:5      | Found a hazy altar of Hepliaklqana.
  6037 | D:6      | Reached *** piety under Trog
  6990 | D:6      | Found an ornate altar of the Wu Jian Council.
  7029 | D:6      | Reached XP level 9. HP: 76/81 MP: 8/8
  7129 | D:6      | Found a shimmering blue altar of Sif Muna.
  7138 | D:6      | Noticed Edmund
  7145 | D:6      | Killed Edmund
  7482 | D:7      | Paralysed by a hornet for 1 turns
  7490 | D:7      | Paralysed by a hornet for 3 turns
  8352 | D:7      | Identified the +7 dagger of Drought {heavy, MP+9 Str+5}
  8424 | D:7      | You are sucked into a shaft and drop 2 floors!
  8801 | D:8      | Reached XP level 10. HP: 69/91 MP: 9/9
  8808 | D:8      | Reached **** piety under Trog
  8825 | D:8      | Slain by a troll

Illustrated notes

Levels and vault maps discovered:
D:1:      tarquinn_simple_flora_water_e, layout_loops_cross
D:2:      layout_basic
D:3:      layout_basic, mainiacjoe_overflow_paths, mainiacjoe_overflow_catwalk,
          hellmonk_ecumenical_altar_heavens_door, minmay_starry_boxes
D:4:      layout_loops_ring, temple_hall, serial_shops,
          nicolae_shop_advertising_works [nicolae_subvault_shop_adworks],
          nicolae_concentric_dashed_squares_mild, uniq_natasha, uniq_eustachio,
          uniq_menkaure
D:5:      layout_cave_pools, nicolae_hepliaklqana_hippocampus,
          kennysheep_nondescript, chequers_serial_rivers_small_a
D:6:      layout_cave_pools, mainiacjoe_overflow_six_doors_small,
          nicolae_wu_jian_wuxing_cycle, minmay_misc_feat_iff,
          minmay_increasing_density, uniq_edmund
D:7:      layout_basic, minmay_nine_imps
D:8:      layout_loops_ring, erik_lair_island, serial_shops, shop_statue, shop,
          nicolae_square_shop, uniq_maurice
D:9:      minmay_goldmine, layout_stronghold, nicolae_ru_awakened_eye,
          gammafunk_temple_overflow_claw

Skill      XL: |  1  2  3  4  5  6  7  8  9 |
---------------+----------------------------+-----
Fighting       | 4 5 6 8 9 |  9.5
Axes           | 4 5 6 8 9 |  9.5
Armour         | 3 4 5 6 7 9 |  9.0
Dodging        | 3 4 5 6 8 |  8.2

Action                     |  1- 3 |  4- 6 |  7- 9 | 10-12 || total
---------------------------+-------+-------+-------+-------++-------
  Melee: Hand axe          |    66 |   116 |   322 |    15 ||   519
         Headbutt          |    10 |    19 |    68 |     2 ||    99
         Punch             |     1 |     1 |     2 |     1 ||     5
 Invoke: Berserk           |     2 |     4 |    10 |       ||    16
   Stab: Sleeping          |       |     2 |       |       ||     2
 Armour: Animal skin       |    14 |    16 |    22 |       ||    52
         Plate armour      |       |       |    88 |    12 ||   100
  Dodge: Dodged            |    49 |    78 |   164 |    10 ||   301
